NWL (28 & UNDER)
MOOSE JAW GHOSTBUSTERS @ BISMARK BORDER GUARDS
09/14/2030
 
TOP OF THE 1ST
Moose Jaw Ghostbusters batting - Pitching for Bismark Border Guards : RHP Brandon Sweet
Pitching: RHP Brandon Sweet
Batting: SHB Lonnie Washington 0-0: Ball
1-0: Ball
2-0: Called Strike
2-1: Swinging Strike
2-2: Hit by Pitch
Batting: RHB Edmund Kline 0-0: Called Strike
0-1: Foul Ball, location: 2F
0-2: Ball
1-2: Ball
2-2: Foul Ball, location: 2F
2-2: Strikes out looking
Batting: RHB Aaron Murray 0-0: Ball
1-0: Ball
2-0: Called Strike
2-1: Foul Ball, location: 2F
2-2: Fly out, F4 (Flyball, 4MD)
Batting: LHB Bill O'Higgins 0-0: Ball
Lonnie Washington steals 2nd base
1-0: Ball
2-0: Ball
3-0: Called Strike
3-1: Foul Ball, location: 2F
3-2: Ground out 6-3 (Groundball, 6)
Top of the 1st over - 0 runs, 0 hits, 0 errors, 1 left on base; Moose Jaw 0 - Bismark 0
BOTTOM OF THE 1ST
Bismark Border Guards batting - Pitching for Moose Jaw Ghostbusters : RHP A.J. Wellman
Pitching: RHP A.J. Wellman
Batting: LHB Pedro Camacho 0-0: Ground out 6-3 (Groundball, 6)
Batting: RHB Sergio Solíz 0-0: Foul Ball, location: 2F
0-1: Called Strike
0-2: Ball
1-2: Foul Ball, location: 2F
1-2: Ball
2-2: Strikes out swinging
Batting: RHB Vincent Braun 0-0: Ball
1-0: Called Strike
1-1: Called Strike
1-2: Strikes out looking
Bottom of the 1st over - 0 runs, 0 hits, 0 errors, 0 left on base; Moose Jaw 0 - Bismark 0
TOP OF THE 2ND
Moose Jaw Ghostbusters batting - Pitching for Bismark Border Guards : RHP Brandon Sweet
Batting: LHB Tony Beck 0-0: Ball
1-0: Called Strike
1-1: Ground out U3 (Groundball, 3S)
Batting: RHB Scott McGuire 0-0: Swinging Strike
0-1: Ball
1-1: Swinging Strike
1-2: SINGLE (Line Drive, 6M)
Batting: LHB Bernard Lane 0-0: Fly out, F3 (Flyball, 3DF)
Batting: SHB Martín Cruz 0-0: Foul Ball, location: 2F
0-1: Ground out 6-3 (Groundball, 6)
Top of the 2nd over - 0 runs, 1 hit, 0 errors, 1 left on base; Moose Jaw 0 - Bismark 0
BOTTOM OF THE 2ND
Bismark Border Guards batting - Pitching for Moose Jaw Ghostbusters : RHP A.J. Wellman
Batting: RHB Enrique Soto 0-0: Called Strike
0-1: Ball
1-1: Foul Ball, location: 2F
1-2: Ball
2-2: Ball
3-2: Foul Ball, location: 2F
3-2: Fly out, F9 (Flyball, 89D)
Batting: SHB Richard Griffin 0-0: Ball
1-0: Ball
2-0: Swinging Strike
2-1: Ball
3-1: Base on Balls
Batting: RHB Albert Cordero 0-0: Ball
1-0: Foul Ball, location: 2F
1-1: Foul Ball, location: 2F
1-2: Ball
2-2: Ball
3-2: Foul Ball, location: 2F
3-2: Foul Ball, location: 2F
3-2: Base on Balls
Richard Griffin to second
Batting: RHB Alfredo Farías 0-0: Reached on error, E4 (Line Drive, 4)
Richard Griffin to third
Albert Cordero to second
Batting: LHB Manuel Pérez 0-0: Fly out, F3 (Popup, 3DF)
Batting: RHB Jim Love 0-0: Ball
1-0: Called Strike
1-1: Ball
2-1: Hit by Pitch
Richard Griffin scores
Albert Cordero to third
Alfredo Farías to second
Batting: LHB Pedro Camacho 0-0: Ball
1-0: Ball
2-0: SINGLE (Line Drive, 4MD)
Albert Cordero scores
Alfredo Farías to third
Jim Love to second
Runner from 3rd tries for Home, SAFE, no throw
Batting: RHB Sergio Solíz 0-0: Fielders Choice at 2nd, 6-4 (Groundball, 6)
Bottom of the 2nd over - 3 runs, 1 hit, 1 error, 2 left on base; Moose Jaw 0 - Bismark 3
TOP OF THE 3RD
Moose Jaw Ghostbusters batting - Pitching for Bismark Border Guards : RHP Brandon Sweet
Batting: RHB Preston Manning 0-0: Swinging Strike
0-1: Swinging Strike
0-2: Ball
1-2: Ball
2-2: Foul Ball, location: 2F
2-2: Strikes out swinging
Batting: SHB Lonnie Washington 0-0: Ball
1-0: Ball
2-0: Swinging Strike
2-1: Ball
3-1: Base on Balls
Batting: RHB Edmund Kline 0-0: Ball
1-0: Foul Ball, location: 2F
1-1: Swinging Strike
1-2: Strikes out swinging
Batting: RHB Aaron Murray 0-0: Fielders Choice at 2nd, 6-4 (Groundball, 6)
Top of the 3rd over - 0 runs, 0 hits, 0 errors, 1 left on base; Moose Jaw 0 - Bismark 3
BOTTOM OF THE 3RD
Bismark Border Guards batting - Pitching for Moose Jaw Ghostbusters : RHP A.J. Wellman
Batting: RHB Vincent Braun 0-0: Ball
1-0: Ball
2-0: Foul Ball, location: 2F
2-1: Ball
3-1: Base on Balls
Batting: RHB Enrique Soto 0-0: 2-RUN HOME RUN (Flyball, 78XD), Distance : 392 ft
Batting: SHB Richard Griffin 0-0: Foul Ball, location: 2F
0-1: Ball
1-1: Called Strike
1-2: Foul Ball, location: 2F
1-2: Strikes out swinging
Batting: RHB Albert Cordero 0-0: Ball
1-0: Called Strike
1-1: Ground out 3-1 (Groundball, 34)
Batting: RHB Alfredo Farías 0-0: Called Strike
0-1: Ball
1-1: Swinging Strike
1-2: SINGLE (Groundball, 4MD)
Batting: LHB Manuel Pérez 0-0: Ball
1-0: Ball
2-0: Foul Ball, location: 2F
2-1: Called Strike
2-2: Foul Ball, location: 2F
2-2: Strikes out swinging
Bottom of the 3rd over - 2 runs, 2 hits, 0 errors, 1 left on base; Moose Jaw 0 - Bismark 5
TOP OF THE 4TH
Moose Jaw Ghostbusters batting - Pitching for Bismark Border Guards : RHP Brandon Sweet
Batting: LHB Bill O'Higgins 0-0: Ball
1-0: Hit by Pitch
Batting: LHB Tony Beck 0-0: Grounds into double play, 4-6-3 (Groundball, 4)
Batting: RHB Scott McGuire 0-0: Fly out, F9 (Line Drive, 9S)
Top of the 4th over - 0 runs, 0 hits, 0 errors, 0 left on base; Moose Jaw 0 - Bismark 5
BOTTOM OF THE 4TH
Bismark Border Guards batting - Pitching for Moose Jaw Ghostbusters : RHP A.J. Wellman
Batting: RHB Jim Love 0-0: Ball
1-0: Ball
2-0: Foul Ball, location: 2F
2-1: Foul Ball, location: 2F
2-2: Fly out, F8 (Flyball, 8LS)
Batting: LHB Pedro Camacho 0-0: Ball
1-0: Called Strike
1-1: Ball
2-1: Foul Ball, location: 2F
2-2: Foul Ball, location: 2F
2-2: Foul Ball, location: 2F
2-2: Strikes out swinging
Batting: RHB Sergio Solíz 0-0: Ball
1-0: Ball
2-0: Foul Ball, location: 2F
2-1: Swinging Strike
2-2: Foul Ball, location: 2F
2-2: Ball
3-2: Strikes out looking
Bottom of the 4th over - 0 runs, 0 hits, 0 errors, 0 left on base; Moose Jaw 0 - Bismark 5
TOP OF THE 5TH
Moose Jaw Ghostbusters batting - Pitching for Bismark Border Guards : RHP Brandon Sweet
Batting: LHB Bernard Lane 0-0: Foul Ball, location: 2F
0-1: Swinging Strike
0-2: Foul Ball, location: 2F
0-2: Ball
1-2: Ball
2-2: Strikes out swinging
Batting: SHB Martín Cruz 0-0: Ground out 5-3 (Groundball, 56)
Batting: RHB Preston Manning 0-0: Ball
1-0: Fly out, F7 (Flyball, 7)
Top of the 5th over - 0 runs, 0 hits, 0 errors, 0 left on base; Moose Jaw 0 - Bismark 5
BOTTOM OF THE 5TH
Bismark Border Guards batting - Pitching for Moose Jaw Ghostbusters : RHP A.J. Wellman
Batting: RHB Vincent Braun 0-0: Swinging Strike
0-1: Swinging Strike
0-2: Ball
1-2: Strikes out swinging
Batting: RHB Enrique Soto 0-0: Reached on error, E5 (Groundball, 56)
Batting: SHB Richard Griffin 0-0: Foul Ball, location: 2F
0-1: Ball
1-1: Called Strike
1-2: Ground out U3 (Groundball, 3S)
Enrique Soto to third
Batting: RHB Albert Cordero 0-0: Ball
1-0: Ball
2-0: Ball
3-0: Base on Balls
Batting: RHB Alfredo Farías 0-0: Called Strike
0-1: DOUBLE (Groundball, 3L)
Enrique Soto scores
Albert Cordero to third
Runner from 3rd tries for Home, SAFE, no throw
Batting: LHB Manuel Pérez 0-0: Foul Ball, location: 2F
0-1: Swinging Strike
0-2: Strikes out swinging
Bottom of the 5th over - 2 runs, 1 hit, 1 error, 1 left on base; Moose Jaw 0 - Bismark 7
TOP OF THE 6TH
Moose Jaw Ghostbusters batting - Pitching for Bismark Border Guards : RHP Brandon Sweet
Batting: SHB Lonnie Washington 0-0: Called Strike
0-1: Ball
1-1: Fly out, F6 (Popup, P)
Batting: RHB Edmund Kline 0-0: Ball
1-0: Foul Ball, location: 2F
1-1: Called Strike
1-2: Ball
2-2: Strikes out swinging
Batting: RHB Aaron Murray 0-0: Ball
1-0: Called Strike
1-1: Called Strike
1-2: Foul Ball, location: 2F
1-2: Foul Ball, location: 2F
1-2: Ball
2-2: Hit by Pitch
Batting: LHB Bill O'Higgins 0-0: Ball
1-0: Ball
2-0: Called Strike
2-1: Ball
3-1: Called Strike
3-2: Base on Balls
Aaron Murray to second
Batting: LHB Tony Beck 0-0: Called Strike
0-1: Ground out 6-3 (Groundball, 56D)
Top of the 6th over - 0 runs, 0 hits, 0 errors, 2 left on base; Moose Jaw 0 - Bismark 7
BOTTOM OF THE 6TH
Bismark Border Guards batting - Pitching for Moose Jaw Ghostbusters : RHP A.J. Wellman
Batting: RHB Jim Love 0-0: Foul Ball, location: 2F
0-1: SOLO HOME RUN (Line Drive, 7D), Distance : 377 ft
Batting: LHB Pedro Camacho 0-0: Called Strike
0-1: Swinging Strike
0-2: Ball
1-2: Foul Ball, location: 2F
1-2: Ball
2-2: Foul Ball, location: 2F
2-2: Foul Ball, location: 2F
2-2: Ball
3-2: Base on Balls
Pitching: LHP Colton Elías
Batting: RHB Sergio Solíz 0-0: Ball
1-0: Fielders Choice at 2nd, 6-4 (Groundball, 6)
Batting: RHB Vincent Braun 0-0: Called Strike
0-1: Fly out, F8 (Flyball, 8RM)
Batting: RHB Enrique Soto 0-0: Ball
1-0: Called Strike
1-1: Foul Ball, location: 2F
1-2: Ball
2-2: Foul Ball, location: 2F
2-2: 2-RUN HOME RUN (Flyball, 7D), Distance : 377 ft
Batting: SHB Richard Griffin 0-0: Ball
1-0: Called Strike
1-1: Foul Ball, location: 2F
1-2: Ground out 4-3 (Groundball, 4S)
Bottom of the 6th over - 3 runs, 2 hits, 0 errors, 0 left on base; Moose Jaw 0 - Bismark 10
TOP OF THE 7TH
Moose Jaw Ghostbusters batting - Pitching for Bismark Border Guards : RHP Brandon Sweet
Batting: RHB Scott McGuire 0-0: Ball
1-0: Swinging Strike
1-1: Swinging Strike
1-2: Strikes out swinging
Batting: LHB Bernard Lane 0-0: Foul Ball, location: 2F
0-1: Fly out, F8 (Flyball, 78D)
Batting: SHB Martín Cruz 0-0: Ball
1-0: Fly out, F7 (Flyball, 7S)
Top of the 7th over - 0 runs, 0 hits, 0 errors, 0 left on base; Moose Jaw 0 - Bismark 10
BOTTOM OF THE 7TH
Bismark Border Guards batting - Pitching for Moose Jaw Ghostbusters : LHP Colton Elías
Batting: RHB Albert Cordero 0-0: Foul Ball, location: 2F
0-1: Foul Ball, location: 2F
0-2: Ball
1-2: SINGLE (Groundball, 6MD)
Batting: RHB Alfredo Farías 0-0: Called Strike
0-1: Ball
1-1: Foul Ball, location: 2F
1-2: Ball
2-2: Ground out U3 (Groundball, 34S)
Albert Cordero to second
Batting: LHB Manuel Pérez 0-0: Swinging Strike
0-1: Called Strike
0-2: Foul Ball, location: 2F
0-2: Strikes out looking
Batting: RHB Jim Love 0-0: Ball
1-0: Ground out 5-3 (Groundball, 56S)
Bottom of the 7th over - 0 runs, 1 hit, 0 errors, 1 left on base; Moose Jaw 0 - Bismark 10
TOP OF THE 8TH
Moose Jaw Ghostbusters batting - Pitching for Bismark Border Guards : RHP Brandon Sweet
Now at C: António Martínez
Batting: RHB Preston Manning 0-0: Ground out 2-3 (Groundball, 2L)
Batting: SHB Lonnie Washington 0-0: Ball
1-0: Ball
2-0: Ball
3-0: Base on Balls
Batting: RHB Edmund Kline 0-0: Called Strike
0-1: Foul Ball, location: 2F
0-2: Strikes out swinging
Batting: RHB Aaron Murray 0-0: Called Strike
0-1: Ball
1-1: SINGLE (Line Drive, 89M)
Lonnie Washington to second
Batting: LHB Bill O'Higgins 0-0: Ball
1-0: Ball
2-0: Ball
3-0: Called Strike
3-1: Swinging Strike
3-2: Base on Balls
Lonnie Washington to third
Aaron Murray to second
Pitching: RHP Miguel Valenzuela
Batting: LHB Tony Beck 0-0: Called Strike
0-1: Called Strike
0-2: Strikes out swinging
Top of the 8th over - 0 runs, 1 hit, 0 errors, 3 left on base; Moose Jaw 0 - Bismark 10
BOTTOM OF THE 8TH
Bismark Border Guards batting - Pitching for Moose Jaw Ghostbusters : LHP Colton Elías
Batting: LHB Pedro Camacho 0-0: Called Strike
0-1: Ball
1-1: Ball
2-1: Foul Ball, location: 2F
2-2: Strikes out swinging
Batting: RHB Sergio Solíz 0-0: Swinging Strike
0-1: Ball
1-1: Called Strike
1-2: Ball
2-2: Strikes out looking
Batting: RHB Vincent Braun 0-0: Ball
1-0: Ball
2-0: Foul Ball, location: 2F
2-1: Ball
3-1: Base on Balls
Batting: RHB Enrique Soto 0-0: Called Strike
0-1: Foul Ball, location: 2F
0-2: Foul Ball, location: 2F
0-2: Ball
1-2: Foul Ball, location: 2F
1-2: Ball
2-2: Foul Ball, location: 2F
2-2: Ball
Wild Pitch!
Vincent Braun to second
3-2: Base on Balls
Batting: SHB Richard Griffin 0-0: Ball
1-0: Swinging Strike
1-1: Ball
2-1: Ball
3-1: Base on Balls
Vincent Braun to third
Enrique Soto to second
Batting: RHB António Martínez 0-0: Ball
1-0: Called Strike
1-1: Ball
2-1: Foul Ball, location: 2F
2-2: Ball
3-2: Foul Ball, location: 2F
3-2: DOUBLE (Line Drive, 7LM)
Vincent Braun scores
Enrique Soto scores
Richard Griffin to third
Richard Griffin scores
Pitching: RHP José Orozco
Batting: RHB Alfredo Farías 0-0: Ball
1-0: Called Strike
1-1: Ball
2-1: Called Strike
2-2: Ball
3-2: Base on Balls
Batting: LHB Manuel Pérez 0-0: Fly out, F8 (Flyball, 89D)
Bottom of the 8th over - 3 runs, 1 hit, 0 errors, 2 left on base; Moose Jaw 0 - Bismark 13
TOP OF THE 9TH
Moose Jaw Ghostbusters batting - Pitching for Bismark Border Guards : RHP Miguel Valenzuela
Now at 1B: António Martínez
Batting: RHB Scott McGuire 0-0: Ground out 4-3 (Groundball, 34)
Batting: LHB Bernard Lane 0-0: Ball
1-0: Swinging Strike
1-1: Ball
2-1: Swinging Strike
2-2: Ball
3-2: Strikes out swinging
Batting: SHB Martín Cruz 0-0: Swinging Strike
0-1: Ball
1-1: Foul Ball, location: 2F
1-2: Strikes out looking
Top of the 9th over - 0 runs, 0 hits, 0 errors, 0 left on base; Moose Jaw 0 - Bismark 13
Saturday, April 7th, 2018 - OOTP Baseball 18.8 Build 76